PAA
ITHACA FIGHTING IMPS @ NORTHVILLE ECLIPSE
07/05/2056
 
TOP OF THE 1ST
Ithaca Fighting Imps batting - Pitching for Northville Eclipse : LHP John Williams
Pitching: LHP John Williams
Batting: SHB Evan Winn 0-0: Called Strike
0-1: Ground out 5-3 (Groundball, 56S, EV 70.6 MPH)
Batting: LHB Javier Blanco 0-0: Called Strike
0-1: Ball
1-1: Ball
2-1: Ball
3-1: Base on Balls
Batting: RHB Paul Johnston 0-0: Ball
1-0: Called Strike
1-1: Ball
2-1: Fielders Choice at 2nd, 1-4 (Groundball, P, EV 61.2 MPH)
Batting: RHB Mark Doss 0-0: Ball
1-0: Fly out, F8 (Flyball, 8LD, EV 76.9 MPH)
Top of the 1st over - 0 runs, 0 hits, 0 errors, 1 left on base; Ithaca 0 - Northville 0
BOTTOM OF THE 1ST
Northville Eclipse batting - Pitching for Ithaca Fighting Imps : RHP Chet Walker
Pitching: RHP Chet Walker
Batting: RHB Wallace Martin 0-0: Called Strike
0-1: SINGLE (Groundball, 56, EV 104.4 MPH)
Batting: RHB Zhang Kan 0-0: Foul Ball, location: 2F
0-1: Called Strike
0-2: Ball
1-2: Foul Ball, location: 2F
1-2: Ball
2-2: Foul Ball, location: 2F
2-2: Hit by Pitch
Wallace Martin to second
Batting: RHB Ogai Ine 0-0: Called Strike
0-1: Grounds into double play, 4-6-3 (Groundball, 4, EV 106.2 MPH)
Wallace Martin to third
Batting: RHB Steven Sas 0-0: Ball
1-0: Foul Ball, location: 2F
1-1: Swinging Strike
1-2: Ground out 2-3 (Groundball, 2R, EV 70.6 MPH)
Bottom of the 1st over - 0 runs, 1 hit, 0 errors, 1 left on base; Ithaca 0 - Northville 0
TOP OF THE 2ND
Ithaca Fighting Imps batting - Pitching for Northville Eclipse : LHP John Williams
Batting: RHB John Lake 0-0: Called Strike
0-1: Ball
1-1: Foul Ball, location: 2F
1-2: SOLO HOME RUN (Flyball, 7D, EV 103.1 MPH), Distance : 394 ft
Batting: LHB Henry Meredith 0-0: Ball
1-0: Foul Ball, location: 2F
1-1: Foul Ball, location: 2F
1-2: Ball
2-2: Fly out, F9 (Line Drive, 89M, EV 103.8 MPH)
Batting: RHB Richard Oliver 0-0: Foul Ball, location: 2F
0-1: Ball
1-1: Swinging Strike
1-2: Fly out, F8 (Flyball, 8LS, EV 89.4 MPH)
Batting: RHB Eppe Nuesink 0-0: Called Strike
0-1: Ball
1-1: Ball
2-1: Ball
3-1: Foul Ball, location: 2F
3-2: Strikes out swinging
Top of the 2nd over - 1 run, 1 hit, 0 errors, 0 left on base; Ithaca 1 - Northville 0
BOTTOM OF THE 2ND
Northville Eclipse batting - Pitching for Ithaca Fighting Imps : RHP Chet Walker
Batting: RHB Greg García 0-0: Called Strike
0-1: Foul Ball, location: 2F
0-2: Ball
1-2: Ball
2-2: Ball
3-2: Base on Balls
Batting: RHB John Wells 0-0: Hit by Pitch
Greg García to second
Batting: RHB Kerkko Kivikoski 0-0: Ball
1-0: Ball
2-0: Ball
3-0: Called Strike
3-1: Called Strike
3-2: Foul Ball, location: 2F
3-2: Foul Ball, location: 2F
3-2: Foul Ball, location: 2F
3-2: Grounds into double play, 1-4-3 (Groundball, 15S, EV 61.9 MPH)
Greg García to third
Batting: SHB Shawn Washington 0-0: Foul Ball, location: 2F
0-1: Swinging Strike
0-2: Ball
1-2: Strikes out looking
Bottom of the 2nd over - 0 runs, 0 hits, 0 errors, 1 left on base; Ithaca 1 - Northville 0
TOP OF THE 3RD
Ithaca Fighting Imps batting - Pitching for Northville Eclipse : LHP John Williams
Batting: LHB Harry Stewart 0-0: Ball
1-0: Foul Ball, location: 2F
1-1: Fly out, F8 (Flyball, 8RM, EV 86.9 MPH)
Batting: SHB Evan Winn 0-0: Called Strike
0-1: Foul Ball, location: 2F
0-2: Foul Ball, location: 2F
0-2: Foul Ball, location: 2F
0-2: Strikes out swinging
Batting: LHB Javier Blanco 0-0: Ground out 5-3 (Groundball, 5, EV 104.4 MPH)
Top of the 3rd over - 0 runs, 0 hits, 0 errors, 0 left on base; Ithaca 1 - Northville 0
BOTTOM OF THE 3RD
Northville Eclipse batting - Pitching for Ithaca Fighting Imps : RHP Chet Walker
Batting: SHB Craig Williams 0-0: Ball
1-0: Called Strike
1-1: Called Strike
1-2: Strikes out swinging
Batting: RHB Wallace Martin 0-0: Ball
1-0: Ball
2-0: Swinging Strike
2-1: Ball
3-1: Called Strike
3-2: SINGLE (Groundball, 25, EV 70.6 MPH) (infield hit)
Batting: RHB Zhang Kan 0-0: Fly out, F5 (Popup, 5, EV 75.0 MPH)
Batting: RHB Ogai Ine 0-0: Ball
1-0: Called Strike
Wallace Martin steals 2nd base
1-1: Ball
2-1: Swinging Strike
2-2: Ground out 5-3 (Groundball, 56, EV 88.8 MPH)
Bottom of the 3rd over - 0 runs, 1 hit, 0 errors, 1 left on base; Ithaca 1 - Northville 0
TOP OF THE 4TH
Ithaca Fighting Imps batting - Pitching for Northville Eclipse : LHP John Williams
Batting: RHB Paul Johnston 0-0: Ball
1-0: Swinging Strike
1-1: Ball
2-1: Foul Ball, location: 2F
2-2: Strikes out swinging
Batting: RHB Mark Doss 0-0: Ball
1-0: Ball
2-0: Ground out 6-3 (Groundball, P, EV 85.6 MPH)
Batting: RHB John Lake 0-0: Ball
1-0: Ball
2-0: Ball
3-0: Called Strike
3-1: Base on Balls
Batting: LHB Henry Meredith 0-0: Ball
1-0: Ball
2-0: Called Strike
2-1: Ground out 4-3 (Groundball, 4S, EV 80.6 MPH)
Top of the 4th over - 0 runs, 0 hits, 0 errors, 1 left on base; Ithaca 1 - Northville 0
BOTTOM OF THE 4TH
Northville Eclipse batting - Pitching for Ithaca Fighting Imps : RHP Chet Walker
Batting: RHB Steven Sas 0-0: Called Strike
0-1: Fly out, F7 (Flyball, 7D, EV 102.5 MPH)
Batting: RHB Greg García 0-0: Ball
1-0: Called Strike
1-1: Called Strike
1-2: SINGLE (Flyball, 5D, EV 88.8 MPH)
Batting: RHB John Wells 0-0: Called Strike
0-1: Swinging Strike
0-2: Ball
1-2: Strikes out swinging
Batting: RHB Kerkko Kivikoski 0-0: Ball
1-0: Fly out, F9 (Line Drive, 9S, EV 87.5 MPH)
Bottom of the 4th over - 0 runs, 1 hit, 0 errors, 1 left on base; Ithaca 1 - Northville 0
TOP OF THE 5TH
Ithaca Fighting Imps batting - Pitching for Northville Eclipse : LHP John Williams
Batting: RHB Richard Oliver 0-0: Ball
1-0: Called Strike
1-1: SINGLE (Groundball, 56D, EV 94.4 MPH)
Batting: RHB Eppe Nuesink Pickoff Throw to First - Out! 1-3 CS
0-0: Foul Ball, location: 2F
0-1: Foul Ball, location: 2F
0-2: Ball
1-2: Foul Ball, location: 2F
1-2: Ball
2-2: Fly out, F2 (Popup, 23F, EV 86.2 MPH)
Batting: LHB Harry Stewart 0-0: Foul Ball, location: 2F
0-1: SINGLE (Groundball, 13S, EV 68.1 MPH) (infield hit)
Batting: SHB Evan Winn 0-0: Ball
1-0: Called Strike
1-1: Foul Ball, location: 2F
1-2: Ball
2-2: Ball
3-2: Base on Balls
Harry Stewart to second
Batting: LHB Javier Blanco 0-0: Called Strike
0-1: Fly out, F8 (Line Drive, 78M, EV 93.8 MPH)
Top of the 5th over - 0 runs, 2 hits, 0 errors, 2 left on base; Ithaca 1 - Northville 0
BOTTOM OF THE 5TH
Northville Eclipse batting - Pitching for Ithaca Fighting Imps : RHP Chet Walker
Batting: SHB Shawn Washington 0-0: Ball
1-0: Called Strike
1-1: Foul Ball, location: 2F
1-2: SINGLE (Line Drive, 8LS, EV 93.8 MPH)
Batting: SHB Craig Williams 0-0: Called Strike
Shawn Washington is caught stealing 2nd base 2-6
0-1: Swinging Strike
0-2: Ball
1-2: Strikes out swinging
Batting: RHB Wallace Martin 0-0: Foul Ball, location: 2F
0-1: Ball
1-1: Swinging Strike
1-2: Ball
2-2: Ball
3-2: Base on Balls
Batting: RHB Zhang Kan 0-0: Ball
1-0: DOUBLE (Flyball, 78XD, EV 98.8 MPH)
Wallace Martin to third
Runner from 3rd tries for Home, SAFE, no throw by LF
Pitching: RHP Marcus Nielsen
Batting: RHB Ogai Ine 0-0: Ground out 6-3 (Groundball, 6, EV 88.1 MPH)
Bottom of the 5th over - 1 run, 2 hits, 0 errors, 1 left on base; Ithaca 1 - Northville 1
TOP OF THE 6TH
Ithaca Fighting Imps batting - Pitching for Northville Eclipse : LHP John Williams
Batting: RHB Paul Johnston 0-0: Swinging Strike
0-1: Ball
1-1: Called Strike
1-2: SINGLE (Flyball, 6MD, EV 81.2 MPH)
Batting: RHB Mark Doss 0-0: Ball
1-0: Called Strike
1-1: Ball
2-1: Called Strike
2-2: DOUBLE (Flyball, 8RXD, EV 88.8 MPH)
Paul Johnston to third
Batting: RHB John Lake 0-0: Intentional Walk
Batting: LHB Henry Meredith 0-0: SINGLE (Line Drive, 9LS, EV 90.6 MPH)
Paul Johnston scores
Mark Doss to third
John Lake to second
Batting: RHB Richard Oliver 0-0: Fly out, F7 (Flyball, 7D, EV 104.4 MPH)
Runner from 3rd tags up, SCORES, no throw by LF
Batting: RHB Eppe Nuesink 0-0: Called Strike
0-1: Ball
1-1: SINGLE (Line Drive, 56, EV 96.2 MPH)
John Lake to third
Henry Meredith to second
Batting: LHB Harry Stewart 0-0: Ball
1-0: SINGLE (Groundball, 4M, EV 108.8 MPH)
John Lake scores
Henry Meredith to third
Eppe Nuesink to second
Pitching: RHP Apia Manumakalii
Batting: SHB Evan Winn 0-0: Called Strike
0-1: Foul Ball, location: 2F
0-2: Foul Ball, location: 2F
0-2: Strikes out swinging
Batting: LHB Javier Blanco 0-0: Ball
1-0: Called Strike
1-1: Foul Ball, location: 2F
1-2: Strikes out swinging
Top of the 6th over - 3 runs, 5 hits, 0 errors, 3 left on base; Ithaca 4 - Northville 1
BOTTOM OF THE 6TH
Northville Eclipse batting - Pitching for Ithaca Fighting Imps : RHP Marcus Nielsen
Batting: RHB Steven Sas 0-0: Ball
1-0: SINGLE (Line Drive, 34D, EV 100.0 MPH)
Batting: RHB Greg García 0-0: Called Strike
0-1: Ball
1-1: Foul Ball, location: 2F
1-2: Foul Ball, location: 2F
1-2: Strikes out swinging
Batting: RHB John Wells 0-0: SINGLE (Flyball, 3D, EV 91.9 MPH)
Steven Sas to second
Batting: RHB Kerkko Kivikoski 0-0: Ball
1-0: Called Strike
1-1: Fielders Choice at 2nd, 4-6 (Groundball, 4M, EV 100.0 MPH)
Steven Sas to third
Batting: SHB Shawn Washington 0-0: Ball
Kerkko Kivikoski steals 2nd base
1-0: Called Strike
1-1: Ball
2-1: Foul Ball, location: 2F
2-2: Strikes out looking
Bottom of the 6th over - 0 runs, 2 hits, 0 errors, 2 left on base; Ithaca 4 - Northville 1
TOP OF THE 7TH
Ithaca Fighting Imps batting - Pitching for Northville Eclipse : RHP Apia Manumakalii
Batting: RHB Paul Johnston 0-0: Called Strike
0-1: Ball
1-1: SINGLE (Flyball, 56D, EV 88.1 MPH)
Batting: RHB Mark Doss 0-0: Called Strike
0-1: Fly out, F8 (Flyball, 8LXD, EV 93.1 MPH)
Batting: RHB John Lake 0-0: Ball
1-0: Called Strike
Pickoff Throw to First - Out! 1-3
1-1: Foul Ball, location: 2F
1-2: Reached on error, E5 (Groundball, 56, EV 86.9 MPH)
Batting: LHB Henry Meredith 0-0: Ball
1-0: Called Strike
1-1: Swinging Strike
1-2: Foul Ball, location: 2F
1-2: Ball
2-2: Strikes out swinging
Top of the 7th over - 0 runs, 1 hit, 1 error, 1 left on base; Ithaca 4 - Northville 1
BOTTOM OF THE 7TH
Northville Eclipse batting - Pitching for Ithaca Fighting Imps : RHP Marcus Nielsen
Batting: SHB Craig Williams 0-0: Ball
1-0: Foul Ball, location: 2F
1-1: Foul Ball, location: 2F
1-2: Foul Ball, location: 2F
1-2: Ball
2-2: SINGLE (Line Drive, 8LS, EV 108.1 MPH)
Batting: RHB Wallace Martin 0-0: Called Strike
0-1: Ball
1-1: Ball
2-1: Ball
3-1: Base on Balls
Craig Williams to second
Batting: RHB Zhang Kan 0-0: Ball
1-0: Foul Ball, location: 2F
1-1: Foul Ball, location: 2F
1-2: Ball
2-2: Ball
3-2: Base on Balls
Craig Williams to third
Wallace Martin to second
Pitching: RHP Gabe Turner
Batting: RHB Ogai Ine 0-0: Swinging Strike
0-1: SINGLE (Line Drive, 7LS, EV 105.0 MPH)
Craig Williams scores
Wallace Martin to third
Zhang Kan to second
Pinch Hitting: SHB Bryan Starling 0-0: Grounds into fielders choice 1-2 (Groundball, P, EV 71.2 MPH)
Zhang Kan to third
Ogai Ine to second
Pinch Hitting: LHB Thomas Spencer 0-0: Ball
1-0: Foul Ball, location: 2F
1-1: Ball
2-1: Foul Ball, location: 2F
2-2: SINGLE (Groundball, 4M, EV 109.4 MPH)
Zhang Kan scores
Ogai Ine to third
Bryan Starling to second
Batting: RHB John Wells 0-0: Swinging Strike
0-1: Called Strike
0-2: Ball
Wild Pitch!
Ogai Ine scores
Bryan Starling to third
Thomas Spencer to second
1-2: Foul Ball, location: 2F
1-2: Strikes out swinging
Pinch Hitting: LHB Bhu Layco 0-0: Ball
1-0: Foul Ball, location: 2F
1-1: SINGLE (Groundball, 4MD, EV 101.2 MPH)
Bryan Starling scores
Thomas Spencer to third
Runner from 3rd tries for Home, SAFE, throw by CF to home
Batting: SHB Shawn Washington 0-0: Called Strike
0-1: Ball
1-1: Ball
2-1: Fly out, F8 (Line Drive, 8RM, EV 90.0 MPH)
Bottom of the 7th over - 5 runs, 4 hits, 0 errors, 1 left on base; Ithaca 4 - Northville 6
TOP OF THE 8TH
Ithaca Fighting Imps batting - Pitching for Northville Eclipse : RHP Apia Manumakalii
Now at 2B: Gustavo Cota
Now at 3B: Brad McGee
Now in LF: Bhu Layco
Now in RF: Craig Williams
Batting: RHB Richard Oliver 0-0: Ball
1-0: Ball
2-0: Called Strike
2-1: Fly out, F8 (Flyball, 8LM, EV 75.6 MPH)
Batting: RHB Eppe Nuesink 0-0: Called Strike
0-1: SINGLE (Groundball, 6S, EV 61.2 MPH) (infield hit)
Batting: LHB Harry Stewart 0-0: Ball
1-0: Ball
2-0: Ball
3-0: Called Strike
3-1: Foul Ball, location: 2F
3-2: Base on Balls
Eppe Nuesink to second
Pitching: LHP José González
Batting: SHB Evan Winn 0-0: Swinging Strike
0-1: Called Strike
0-2: Strikes out swinging
Batting: LHB Javier Blanco 0-0: Ball
1-0: Swinging Strike
1-1: Foul Ball, location: 2F
1-2: Foul Ball, location: 2F
1-2: Ball
2-2: Ball
3-2: Strikes out swinging
Top of the 8th over - 0 runs, 1 hit, 0 errors, 2 left on base; Ithaca 4 - Northville 6
BOTTOM OF THE 8TH
Northville Eclipse batting - Pitching for Ithaca Fighting Imps : RHP Gabe Turner
Batting: SHB Craig Williams 0-0: Ball
1-0: Foul Ball, location: 2F
1-1: Swinging Strike
1-2: Strikes out looking
Batting: RHB Wallace Martin 0-0: Swinging Strike
0-1: Ball
1-1: Foul Ball, location: 2F
1-2: Ball
2-2: Ball
3-2: DOUBLE (Flyball, 8RXD, EV 104.4 MPH)
Batting: RHB Zhang Kan 0-0: Called Strike
0-1: DOUBLE (Flyball, 8LXD, EV 96.2 MPH)
Wallace Martin scores
Batting: RHB Ogai Ine 0-0: Intentional Walk
Batting: RHB Gustavo Cota 0-0: Ball
1-0: Fly out, F8 (Flyball, 89M, EV 77.5 MPH)
Batting: RHB Brad McGee 0-0: Called Strike
0-1: Foul Ball, location: 2F
0-2: Strikes out swinging
Bottom of the 8th over - 1 run, 2 hits, 0 errors, 2 left on base; Ithaca 4 - Northville 7
TOP OF THE 9TH
Ithaca Fighting Imps batting - Pitching for Northville Eclipse : LHP José González
Pitching: LHP Lyndon Lerwill
Batting: RHB Paul Johnston 0-0: Ball
1-0: Called Strike
1-1: Called Strike
1-2: Ball
2-2: Foul Ball, location: 2F
2-2: Ground out 6-3 (Groundball, 6, EV 105.6 MPH)
Batting: RHB Mark Doss 0-0: Ball
1-0: Ball
2-0: Reached on error, E6 (Groundball, 6, EV 76.9 MPH)
Batting: RHB John Lake 0-0: Fly out, F3 (Popup, 3SF, EV 66.9 MPH)
Batting: LHB Henry Meredith 0-0: Swinging Strike
0-1: Foul Ball, location: 2F
0-2: Strikes out swinging
Top of the 9th over - 0 runs, 0 hits, 1 error, 1 left on base; Ithaca 4 - Northville 7
Tuesday, October 15th , 2024 - OOTP Baseball 25.9 Build 91